 Dungeon Crawl Stone Soup version 0.31-a0-1165-g196b491b36 (webtiles) character file.

Game seed: 9000557503617493692

911 jasper the Grave Robber (level 7, -13/46 HPs)
             Began as a Mummy Necromancer on Dec 9, 2023.
             Mangled by an ogre
             ... wielding a +0 giant club
              (32 damage)
             ... on level 5 of the Dungeon.
             The game lasted 00:07:03 (3814 turns).

jasper the Grave Robber (Mummy Necromancer)         Turns: 3814, Time: 00:07:04

Health: -13/46     AC:  3    Str: 12    XL:     7   Next: 82%
Magic:  2/16       EV: 11    Int: 22    God:
Gold:   151        SH:  5    Dex: 12    Spells: 7/18 levels left

rFire   x . .        b - +2 sling (freeze)
rCold   + . .        f - +0 buckler
rNeg    + + +        a - +0 robe
rPois   ∞            g - +0 helmet
rElec   .            (no cloak)
rCorr   .            (no gloves)
SInv    .            (no boots)
Will    +....        l - amulet of regeneration
Stlth   ++           k - ring of willpower
HPRegen 1.07/turn    r - +6 ring of intelligence
MPRegen 0.15/turn

%: faith
@: no status effects
A: cold resistance 1, negative energy resistance 3, torment resistance 2, heat
vulnerability 1, in touch with death 1, no potions, faith
a: no special abilities


You were on level 5 of the Dungeon.
You visited 1 branch of the dungeon, and saw 5 of its levels.

You collected 151 gold pieces.

Inventory:

Hand Weapons
 b - a +2 sling of freezing (weapon)
 c - a +0 dagger
 i - a +4 dagger
Missiles
 d - 77 stones
 e - 10 poisoned darts
 n - a throwing net
Armour
 a - a +0 robe (worn)
 f - a +0 buckler (worn)
 g - a +0 helmet (worn)
Jewellery
 k - a ring of willpower (left hand)
 l - an amulet of regeneration (around neck)
 m - a ring of willpower
 r - a +6 ring of intelligence (right hand)
Wands
 q - a wand of polymorph (12)
Scrolls
 h - a scroll of fear
 j - 2 scrolls of noise
 o - a scroll of amnesia {unknown}
 p - a scroll of teleportation {unknown}


   Skills:
 - Level 1.5 Dodging
 - Level 1.5 Stealth
 + Level 3.8 Shields
 - Level 6.0 Spellcasting
 - Level 7.2 Necromancy


You had 7 spell levels left.
You knew the following spells:

 Your Spells              Type           Power      Damage    Failure   Level
a - Necrotise             Necr           100%       1d9       1%          1
b - Vampiric Draining     Necr           55%        2d9       1%          3
c - Animate Dead          Necr           55%        N/A       6%          4
d - Stone Arrow           Conj/Erth      12%        3d7       36%         3

Your spell library contained the following spells:

 Spells                   Type           Power      Damage    Failure   Level
 Sandblast                Erth           12%        2d6       12%         1
 Passwall                 Tmut/Erth      5%         N/A       19%         2
 Agony                    Necr           55%        N/A       19%         5
 Ignite Poison            Fire/Tmut/Pois 6%         N/A       36%         3
 Brom's Barrelling Bould  Conj/Erth      6%         2d3       77%         4
 Sticky Flame             Conj/Fire      6%         2d3       77%         4
 Summon Hydra             Summ           3%         N/A       100%        7
 Ignition                 Fire           3%         3d4       100%        8
 Sublimation of Blood     Necr           Unusable   N/A       N/A         2
 Wereblood                Tmut           Unusable   N/A       N/A         2

Dungeon Overview and Level Annotations

Branches:
Dungeon (5/15)
 Temple: D:4-7

Altars:
Ashenzari
Cheibriados
Trog


Innate Abilities, Weirdness & Mutations

You are immune to poison.
Your flesh is cold resistant. (rC+)
You are immune to negative energy. (rN+++)
You are immune to unholy pain and torment.
You are vulnerable to heat. (rF-)
You are in touch with the powers of death.
You do not drink.
You have a special connection with the divine. (Faith)


Message History

Aim: an ogre, wielding a +0 giant club (moderately wounded, 72% to hit)
You shoot a sling bullet. The sling bullet hits the ogre.
The sling bullet freezes the ogre.
The ogre is moderately wounded.
Fire: b) +2 sling (freeze)
Press: ? - help, Q - select action, (/) - cycle Shift-Dir - straight line, f/p - ogre
Aim: an ogre, wielding a +0 giant club (moderately wounded, 72% to hit)
You shoot a sling bullet.
The sling bullet barely misses the ogre.
Okay, then.
Fire: b) +2 sling (freeze)
Press: ? - help, Q - select action, (/) - cycle Shift-Dir - straight line, f/p - ogre
Aim: an ogre, wielding a +0 giant club (moderately wounded, 72% to hit)
You shoot a sling bullet. The sling bullet hits the ogre.
The sling bullet freezes the ogre.
The ogre is heavily wounded.
The ogre hits you with a +0 giant club!
You take 12 damage, and have 34/46 hp.
MASSIVE DAMAGE!!
Casting: Vampiric Draining (safe; 1% risk of failure)
Confirm with . or Enter, or press ? or * to list all spells.
Aiming: Vampiric Draining (safe; 1% risk of failure)
Press: ? - help, Shift-Dir - straight line, f/p - ogre
Aim: an ogre, wielding a +0 giant club (heavily wounded)
You feel a surge of power!
You draw life force from the ogre!
You feel life coursing into your body.
The ogre hits you with a +0 giant club!!
You take 17 damage, and have 17/46 hp.
MASSIVE DAMAGE!!
You now have 2/16 mp.
Casting: Vampiric Draining (safe; 1% risk of failure)
Confirm with . or Enter, or press ? or * to list all spells.
You don't have enough magic to cast this spell.
Unknown command.
Fire: b) +2 sling (freeze)
Press: ? - help, Q - select action, (/) - cycle Shift-Dir - straight line, f/p - ogre
Aim: an ogre, wielding a +0 giant club (severely wounded, 72% to hit)
You shoot a sling bullet. The sling bullet hits the ogre.
The sling bullet freezes the ogre.
The ogre is almost dead.
The ogre hits you with a +0 giant club!!
Ouch! That really hurt!
You die...

...<.#####.###.#
#..........
........##.# #.##
#.<.......
.....##.#†.# #..
#.........
.....##...####.#
#......f..
#########....#.##
#.........
#.##....###
##....(..#
#.###.....#####
##.....## #.#
#.........##
#..#..# #.#
#...@......#
#.##.. ..#
#####O...... ###
#...... ......
..... ..... ..).
....


You could see an ogre.

Vanquished Creatures
  A water moccasin (D:5)
  A black bear (D:4)
  3 ogres
  2 scorpions (D:4)
  A howler monkey (D:5)
  2 hounds
  An orc priest (D:4)
  An iguana (D:4)
  A sleepcap (D:5)
  4 adders
  6 gnolls
  2 worms
  A dart slug (D:1)
  2 orcs (D:4)
  2 bats
  6 endoplasms
  3 giant cockroaches
  9 goblins
  3 hobgoblins
  6 jackals
  2 kobolds (D:1)
  4 quokkas
  9 ball pythons
  3 frilled lizards
  4 rats
79 creatures vanquished.

Vanquished Creatures (collateral kills)
  A rat (D:1)
1 creature vanquished.

Grand Total: 80 creatures vanquished

Notes
Turn   | Place    | Note
-------+----------+-------------------------------------------
     0 | D:1      | jasper the Mummy Necromancer began the quest for the Orb.
     0 | D:1      | Reached XP level 1. HP: 13/13 MP: 4/4
   194 | D:1      | Reached XP level 2. HP: 19/19 MP: 6/6
  1098 | D:2      | Reached XP level 3. HP: 24/24 MP: 2/8
  1104 | D:2      | Learned a level 3 spell: Vampiric Draining
  1744 | D:2      | Reached XP level 4. HP: 30/30 MP: 7/10
  1749 | D:2      | Learned a level 4 spell: Animate Dead
  1951 | D:3      | Found a snail-covered altar of Cheibriados.
  1954 | D:3      | Found a broken altar of Ashenzari.
  1968 | D:3      | Found a bloodstained altar of Trog.
  2110 | D:3      | Reached skill level 5 in Necromancy
  2432 | D:4      | Noticed a black bear
  2437 | D:4      | Killed a black bear
  2438 | D:4      | Reached skill level 1 in Shields
  2438 | D:4      | Reached XP level 5. HP: 33/35 MP: 5/11
  2647 | D:4      | Reached skill level 5 in Spellcasting
  2647 | D:4      | Reached skill level 6 in Necromancy
  2647 | D:4      | Reached XP level 6. HP: 41/41 MP: 6/13
  2927 | D:4      | Reached XP level 7. HP: 40/46 MP: 7/15
  2932 | D:4      | Learned a level 3 spell: Stone Arrow
  3610 | D:5      | Entered Level 5 of the Dungeon
  3677 | D:5      | Reached skill level 7 in Necromancy
  3814 | D:5      | Mangled by an ogre

Illustrated notes

Levels and vault maps discovered:
D:1:      dpeg_arrival_rooms_b, layout_basic, hangedman_decor_points
D:2:      layout_loops_cross
D:3:      layout_rooms, grunt_temple_overflow_open
D:4:      layout_cave_pools, grunt_ministairs_2, minmay_misc_feat_roman,
          serial_bayou_pond_a, minmay_misc_feat_iff
D:5:      layout_rooms, minmay_temple_entry_waves, nicolae_zig_zag_zippers

Skill      XL: |  1  2  3  4  5  6  7 |
---------------+----------------------+-----
Spellcasting   | 3 4 5 6 |  6.0
Necromancy     | 5 6 7 |  7.2
Shields        | 1 2 3 |  3.8
Dodging        | |  1.5
Stealth        | |  1.5

Action                     |  1- 3 |  4- 6 |  7- 9 || total
---------------------------+-------+-------+-------++-------
   Fire: Sling             |    55 |    41 |    37 ||   133
   Cast: Necrotise         |    43 |    46 |     7 ||    96
         Vampiric Draining |       |     5 |    15 ||    20
    Use: Scroll            |     3 |     4 |       ||     7
 Armour: Robe              |    17 |    11 |    13 ||    41
  Dodge: Dodged            |    17 |    12 |     9 ||    38
  Block: Buckler           |       |     1 |     3 ||     4

Table legend: (Time is in decaauts)
 A = Elapsed time spent in this place.
 B = Non-inter-level travel time spent in this place.
 C = Inter-level travel time spent in this place.
 D = Time resting spent in this place.
 E = Time spent auto-exploring this place.
 F = Levels seen in this place.
 G = Mean time per level.
                   A        B        C        D        E       F      G
               +--------+--------+--------+--------+--------+-----+--------+
         Total |   3869 |   3754 |    115 |    316 |   2868 |   5 |  773.8 |
       Dungeon |   3869 |   3754 |    115 |    316 |   2868 |   5 |  773.8 |
               +--------+--------+--------+--------+--------+-----+--------+

Top non-repeatable levels by time:
     D:4: 1242 daAuts
     D:1: 1097 daAuts
     D:2: 839 daAuts
     D:3: 520 daAuts
     D:5: 168 daAuts
